 Dungeon Crawl Stone Soup version 0.20.1-1-g8b1a95d (webtiles) character file.

22 gobwax the Caller (level 2, 0/15 HPs)
             Began as a Deep Elf Summoner on Sept 10, 2017.
             Slain by a jackal (2 damage)
             ... on level 1 of the Dungeon.
             The game lasted 00:03:54 (1188 turns).

gobwax the Caller (Deep Elf Summoner)               Turns: 1188, Time: 00:03:55

Health: 0/15       AC:  3    Str: 10    XL:     2   Next: 68%
Magic:  0/8        EV: 13    Int: 19    God:
Gold:   38         SH:  0    Dex: 15    Spells: 5/8 levels left

rFire    + . .     SeeInvis .   (no weapon)
rCold    + . .     Gourm    .   (no shield)
rNeg     + . .     Faith    .   a - +0 robe
rPois    +         Spirit   .   (no helmet)
rElec    +         Reflect  .   (no cloak)
rCorr    +         Harm     .   l - +0 pair of gloves (curse)
MR       .....                  (no boots)
Stlth    ++........             (no amulet)
Regen    0.1/turn               i - ring of positive energy
MPRegen  0.2/turn               (no ring)

@: mighty, resistant, flying
A: no striking features
a: no special abilities


You were on level 1 of the Dungeon.
You were hungry.

You visited 1 branch of the dungeon, and saw 2 of its levels.

You collected 38 gold pieces.

Inventory:

Armour
 a - a +0 robe (worn)
 l - a cursed +0 pair of gloves (worn)
Jewellery
 i - a ring of positive energy (left hand)
Scrolls
 d - a scroll of fear {unknown}
 e - 2 scrolls of enchant weapon {unknown}
 f - a scroll of enchant armour {unknown}
 h - 2 scrolls of identify {unknown}
 o - a scroll of magic mapping {unknown}
Potions
 n - a potion of lignification {unknown}
 p - a potion of curing {unknown}
Books
 b - a book of Callings

   Spells                             Type                      Level
   a - Summon Small Mammal            Summoning                    1
   b - Call Imp                       Summoning                    2
   c - Call Canine Familiar           Summoning                    3
   d - Summon Guardian Golem          Hexes/Summoning              3
   e - Summon Lightning Spire         Summoning/Air                4
   f - Summon Ice Beast               Ice/Summoning                4
Comestibles
 c - 3 bread rations
 g - a royal jelly


   Skills:
 + Level 2.5 Dodging
 - Level 2.4 Stealth
 + Level 3.5 Spellcasting
 * Level 5.0 Summonings


You had 5 spell levels left.
You knew the following spells:

 Your Spells              Type           Power        Failure   Level  Hunger
a - Summon Small Mammal   Summ           ###.         1%          1    None
b - Call Imp              Summ           ###.....     2%          2    ##.....


Dungeon Overview and Level Annotations

Branches:
Dungeon (2/15)

Altars:


Message History

Your crimson imp hits the worm.
There is a stone staircase leading up here.
The jackal closely misses you.
Your crimson imp hits the worm.
You climb upwards.
There is a stone staircase leading down here.
It was a potion of flight.
You feel very buoyant.
You fly up into the air.
The jackal bites you.
* * * LOW HITPOINT WARNING * * *
The jackal bites you but does no damage.
It was a potion of resistance.
You feel protected. The jackal misses you.
It was a potion of might.
You feel very mighty all of a sudden.
The jackal bites you but does no damage. x2
Casting: Call Imp
Confirm with . or Enter, or press ? or * to list all spells.
The jackal barely misses you. The jackal bites you.
You die...

##########.# #.# ############ #.#
#..........# ##########.##
#.########.# ............## #(#
#.# ......####...# #.# #.#
......# #.#.###.# #.# ......#
#.#..##.# #.#
......####.##.##@########.#######
................h.......#........
......###......#r######.########.
....### #.............#.# #.
....#####....#.#.####.#.# #####.
....................#.#.# #.....
....##########.#.##.#.#.# #.####
............##...##.#.#.# #.#
....#######.###...#.#.#.# #.#


You could see a jackal and a friendly quokka.

Vanquished Creatures
  A leopard gecko (D:1)
1 creature vanquished.

Vanquished Creatures (collateral kills)
  An ooze (D:1)
  A worm (D:1)
  A leopard gecko (D:1)
  A giant cockroach (D:1)
  3 goblins
  4 hobgoblins
  3 jackals (D:2)
  3 kobolds (D:1)
  4 bats (D:1)
  2 frilled lizards (D:1)
  A rat (D:1)
24 creatures vanquished.

Grand Total: 25 creatures vanquished

Notes
Turn   | Place    | Note
-------+----------+-------------------------------------------
     0 | D:1      | gobwax the Deep Elf Summoner began the quest for the Orb.
     0 | D:1      | Reached XP level 1. HP: 10/10 MP: 6/6
   253 | D:1      | Reached XP level 2. HP: 11/15 MP: 2/8
   610 | D:1      | Reached skill level 5 in Summonings
  1110 | D:1      | Learned a level 2 spell: Call Imp
  1188 | D:1      | Slain by a jackal

Skill      XL: |  1  2 |
---------------+-------+-----
Summonings     | 5 |  5.0
Dodging        | |  2.5
Stealth        | |  2.4
Spellcasting   | |  3.5

Action                   || total
-------------------------++-------
Melee: Unarmed           ||     4
 Cast: Summon Small Mamm ||    55
       Call Imp          ||     4
  Use: Potion            ||     3
Armor: Robe              ||    15
Dodge: Dodged            ||    47
